 Dungeon Crawl Stone Soup version 0.31-a0-1616-gbeaec30b81 (webtiles) character file.

Game seed: 16280830629057896304

54 gruber the Cutter (level 3, -4/19 HPs)
             Began as a Vine Stalker Fighter on Jan 10, 2024.
             Killed by nerve-wracking pain
             ... invoked by an orc priest
              (6 damage)
             ... on level 2 of the Dungeon.
             The game lasted 00:01:04 (1034 turns).

gruber the Cutter (Vine Stalker Fighter)            Turns: 1034, Time: 00:01:05

Health: -4/19      AC: 11    Str: 18    XL:     3   Next: 91%
Magic:  0/4        EV:  9    Int:  8    God:
Gold:   204        SH:  5    Dex: 15    Spells: 2/2 levels left

rFire   . . .        n - +1 short sword (freeze)
rCold   . . .        c - +0 buckler
rNeg    . . .        b - +0 scale mail
rPois   .            h - +0 helmet
rElec   .            (no cloak)
rCorr   .            (no gloves)
SInv    .            (no boots)
Will    .....        (no amulet) Stlth
                     e - +4 ring of protection
HPRegen 1.03/turn    (no ring)
MPRegen 0.09/turn

%: guardian spirit
@: no status effects
A: fangs 2, regeneration 1, magic shield, antimagic bite, no potion heal 2
a: no special abilities


You were on level 2 of the Dungeon.
You visited 1 branch of the dungeon, and saw 2 of its levels.

You collected 204 gold pieces.

Inventory:

Hand Weapons
 n - a +1 short sword of freezing (weapon)
Armour
 b - a +0 scale mail (worn)
 c - a +0 buckler (worn)
 h - a +0 helmet (worn)
Jewellery
 e - a +4 ring of protection (left hand)
 g - a ring of ice
 k - an amulet of faith
 m - a ring of fire
Scrolls
 f - a scroll of identify {unknown}
 i - a scroll of teleportation {unknown}
 j - a scroll of amnesia {unknown}
 l - a scroll of vulnerability {unknown}
 o - a scroll of silence {unknown}
 p - a scroll of torment {unknown}
Potions
 a - a potion of mutation {unknown}
 d - 2 potions of might


   Skills:
 - Level 2.6 Fighting
 + Level 3.7 Short Blades
 - Level 2.4 Armour
 - Level 2.6 Shields


You had 2 spell levels left.
You didn't know any spells.
Your spell library was empty.

Dungeon Overview and Level Annotations

Branches:
Dungeon (2/15)

Altars:

Shops:
D:1 :


Innate Abilities, Weirdness & Mutations

You have extremely sharp teeth.
Your natural rate of healing is unusually fast.
When hurt, damage is shared between your health and your magic reserves.
Your bite disrupts and absorbs the magic of your enemies.
Potions cannot restore your health.


Message History

You hit the orc priest but do no damage.
The orc priest barely misses you.
You closely miss the orc priest. You bite the orc priest. You drain its power.
You feel invigorated.
The orc priest is lightly wounded.
An orc priest comes into view. It is wielding a +0 mace.
The orc priest hits you but does no damage.
You hit the orc priest but do no damage.
Your bite misses the orc priest.
The orc priest is lightly wounded.
You hit the orc priest but do no damage.
The orc priest is lightly wounded.
You block the orc priest's attack.
You hit the orc priest but do no damage.
You bite the orc priest, but do no damage.
The orc priest is lightly wounded.
The orc priest hits you but does no damage.
You barely miss the orc priest.
The orc priest is lightly wounded.
The orc priest mumbles some strange prayers to Beogh against you.
Beogh smites you!
The orc priest calls down the wrath of Beogh upon you.
You barely resist. You closely miss the orc priest. You bite the orc priest.
You drain its power.
You feel invigorated.
The orc priest is heavily wounded.
The orc priest hits you with a +0 flail.
You hit the orc priest but do no damage.
The orc priest is heavily wounded.
The orc priest miscasts a cantrip.
The orc priest barely misses you.
You hit the orc priest but do no damage.
The orc priest is heavily wounded.
The orc priest mumbles some strange prayers to Beogh against you.
Beogh smites you!
Ouch! That really hurt!
* * * LOW HITPOINT WARNING * * *
The orc priest calls down the wrath of Beogh upon you.
Pain shoots through your body!
You die...

#### ..> ###..
########### #.#....
#..........
#......########..........
#..oo@....##..........
......o#####.............
.#####. ####........[. ..
#.(........ o..
#.......... .o..
############# .....
#....# ...... #....#
#....#


You could see 3 orc priests.

Vanquished Creatures
  A gnoll (D:1)
  An adder (D:2)
  A ribbon worm (D:2)
  An orc (D:2)
  2 bats (D:2)
  5 endoplasms
  4 giant cockroaches
  2 hobgoblins (D:1)
  A jackal (D:1)
  3 quokkas
  4 ball pythons
  3 frilled lizards
  4 kobolds
32 creatures vanquished.

Notes
Turn   | Place    | Note
-------+----------+-------------------------------------------
     0 | D:1      | gruber the Vine Stalker Fighter began the quest for the
                  | Orb.
     0 | D:1      | Reached XP level 1. HP: 11/11 MP: 2/2
    98 | D:1      | Reached skill level 2 in Short Blades
   199 | D:1      | Reached XP level 2. HP: 16/16 MP: 3/3
   339 | D:1      | Found Davvat's Book Shop.
   435 | D:1      | Reached skill level 3 in Short Blades
   579 | D:1      | Reached XP level 3. HP: 19/19 MP: 4/4
  1034 | D:2      | Killed from afar by an orc priest

Illustrated notes

Levels and vault maps discovered:
D:1:      shiori_arrival_maze, layout_loops_ring, serial_shops, shop_coins
D:2:      minmay_spotlight, layout_basic, st_stairs_13

Skill      XL: |  1  2 |
---------------+-------+-----
Short Blades   | 2 3 |  3.7
Fighting       | |  2.6
Armour         | |  2.4
Shields        | |  2.6

Action                     || total
---------------------------++-------
  Melee: Rapier            ||    75
         Bite              ||    18
         Short sword       ||    24
 Armour: Scale mail        ||    53
  Dodge: Dodged            ||    31
  Block: Buckler           ||    20

Table legend: (Time is in decaauts)
 A = Elapsed time spent in this place.
 B = Non-inter-level travel time spent in this place.
 C = Inter-level travel time spent in this place.
 D = Time resting spent in this place.
 E = Time spent auto-exploring this place.
 F = Levels seen in this place.
 G = Mean time per level.
                   A        B        C        D        E       F      G
               +--------+--------+--------+--------+--------+-----+--------+
         Total |   1036 |    961 |     75 |      0 |    746 |   2 |  518.0 |
       Dungeon |   1036 |    961 |     75 |      0 |    746 |   2 |  518.0 |
               +--------+--------+--------+--------+--------+-----+--------+

Top non-repeatable levels by time:
     D:1: 697 daAuts
     D:2: 338 daAuts
